 Dungeon Crawl Stone Soup version 0.24-a0-736-g4e6fe308c7 (webtiles) character file.

Game seed: 6868444040160615910, levelgen mode: deterministic

331 Kairok the Sneak (level 6, -7/32 HPs)
             Began as a Vine Stalker Assassin on Oct 2, 2019.
             Was a Follower of Uskayaw.
             Mangled by Menkaure (16 damage)
             ... on level 4 of the Dungeon.
             The game lasted 00:04:46 (2777 turns).

Kairok the Sneak (Vine Stalker Assassin)            Turns: 2777, Time: 00:04:47

Health: -7/32      AC:  8    Str: 12 (13) XL:     6   Next: 52%
Magic:  0/7        EV:  9    Int: 10 (11) God:    Uskayaw [*.....]
Gold:   195        SH:  0    Dex: 17 (18) Spells: 5/5 levels left

rFire    + . .     SeeInvis .   j - +3 dagger
rCold    . . .     Gourm    .   (no shield)
rNeg     . . .     Faith    .   q - +0 scale mail
rPois    .         Spirit   +   k - +0 helmet
rElec    .         Reflect  .   c - +0 cloak
rCorr    .         Harm     .   (no gloves)
MR       .....                  (no boots)
Stlth    ++........             (no amulet)
HPRegen  0.50/turn              (no ring)
MPRegen  0.10/turn              (no ring)

@: hasted, very quick
A: fangs 2, deterioration 1, fire resistance 1, regeneration 1, magic shield,
antimagic bite, no potion heal 3, rot immunity
a: Stomp, Renounce Religion


You were on level 4 of the Dungeon.
You worshipped Uskayaw.
Uskayaw was noncommittal.
You were not hungry.

You visited 1 branch of the dungeon, and saw 4 of its levels.

You collected 195 gold pieces.

Inventory:

Hand Weapons
 a - a +2 dagger
 j - a +3 dagger (weapon)
 s - a +0 vampiric short sword
Missiles
 d - 8 poisoned darts (quivered)
 e - a curare-tipped dart
Armour
 b - a +0 robe
 c - a +0 cloak (worn)
 k - a +0 helmet (worn)
 m - a +0 ring mail
 q - a +0 scale mail (worn)
Scrolls
 g - 3 scrolls of remove curse
 h - a scroll of fog
Potions
 i - 4 potions of heal wounds
 l - a potion of cancellation
 n - a potion of resistance {unknown}
Comestibles
 f - 6 rations


   Skills:
 + Level 2.7 Fighting
 + Level 3.7 Short Blades
 + Level 1.7 Throwing
 + Level 1.8 Armour
 + Level 1.7 Dodging
 + Level 6.4 Stealth


You had 5 spell levels left.
You didn't know any spells.
Your spell library was empty.

Dungeon Overview and Level Annotations

Branches:
Dungeon (4/15)
 Temple: D:4-7

Altars:
Fedhas
Gozag
Uskayaw

Shops:
D:4 *

Annotations:
D:4 Grinder, Menkaure


Innate Abilities, Weirdness & Mutations

You have extremely sharp teeth.
Your natural rate of healing is unusually fast.
When hurt, damage is shared between your health and your magic reserves.
Your bite disrupts and absorbs the magic of your enemies.
Potions cannot restore your health.
You are immune to rotting.
Your body sometimes deteriorates upon taking damage.
Your flesh is heat resistant. (rF+)


Message History

You feel the dreadful sensation subside.
j - a +3 dagger (weapon)
Menkaure gestures at you while chanting.
Pain shoots through your body!
* * * LOW HITPOINT WARNING * * *
Unknown command.
Fire/throw which item? (* to show all) (? for menu, Esc to quit)
Throwing (i - inventory. (/) - cycle)
d - 8 poisoned darts (quivered)
Press: ? - help, Shift-Dir - straight line, f - Menkaure
Aim: Menkaure (moderately damaged, fast)
You throw a curare-tipped dart. The curare-tipped dart hits Menkaure.
Menkaure is moderately damaged.
Menkaure hits you but does no damage.
You feel yourself speed up. Menkaure barely misses you.
You hit Menkaure. You bite Menkaure.
Menkaure's magic leaks into the air.
You drain his magic.
You feel invigorated.
Menkaure is heavily damaged.
Menkaure hits you!!
Ouch! That really hurt!
You die...

#....'....
#.......######
#....#... #.......#
#....#'###+#.......#
#.......M.....##+###
#.............+
##'##.........#
#...#.........##
#...#######>...#
+.....รท.@M'....#
#.........#....#
#...##..###..<.#
######..#
####....... #...#
.....## #...# .....#
##### .....# #....#
(...#


You could see Menkaure.

Vanquished Creatures
  A sky beast (D:3)
  An orc priest (D:4)
  Natasha (thrice) (D:2)
  Robin (D:2)
  4 adders
  A worm (D:2)
  A dart slug (D:2)
  5 orcs
  A ball python (D:3)
  6 bats
  3 giant cockroaches
  18 goblins
  9 hobgoblins
  4 quokkas
  4 frilled lizards
  6 kobolds
  13 rats
81 creatures vanquished.

Notes
Turn   | Place    | Note
-------+----------+-------------------------------------------
     0 | D:1      | Kairok the Vine Stalker Assassin began the quest for the
                  | Orb.
     0 | D:1      | Reached XP level 1. HP: 11/11 MP: 2/2
    94 | D:1      | Reached skill level 5 in Stealth
   114 | D:1      | Reached XP level 2. HP: 10/15 MP: 3/3
   534 | D:1      | Reached XP level 3. HP: 18/18 MP: 4/4
   808 | D:1      | Gained mutation: Your spells are a little easier to cast,
                  | but a little less powerful. [potion of mutation]
   808 | D:1      | Gained mutation: Your flesh is heat resistant. (rF+)
                  | [potion of mutation]
   808 | D:1      | Gained mutation: Your body sometimes deteriorates upon
                  | taking damage. [potion of mutation]
   808 | D:1      | Lost mutation: Your spells are a little easier to cast, but
                  | a little less powerful. [potion of mutation]
   922 | D:2      | Noticed Robin
   939 | D:2      | Killed Robin
   955 | D:2      | Reached skill level 6 in Stealth
   977 | D:2      | Reached skill level 1 in Dodging
  1276 | D:2      | Gained mutation: Your natural rate of healing is unusually
                  | fast. [Vine Stalker growth]
  1276 | D:2      | Reached XP level 4. HP: 22/23 MP: 5/5
  1323 | D:2      | Noticed Natasha
  1352 | D:2      | Killed Natasha
  1407 | D:2      | Noticed Natasha
  1417 | D:2      | Killed Natasha
  1417 | D:2      | Reached skill level 1 in Armour
  1417 | D:2      | Reached XP level 5. HP: 21/26 MP: 4/6
  1683 | D:2      | Noticed Natasha
  1693 | D:2      | Killed Natasha
  1934 | D:3      | You fall into a shaft and drop 1 floor!
  1940 | D:3      | Noticed a sky beast
  1948 | D:3      | Found a faded altar of an unknown god.
  1987 | D:3      | Killed a sky beast
  1987 | D:3      | Reached XP level 6. HP: 23/32 MP: 7/7
  2028 | D:3      | Became a worshipper of Uskayaw the Reveler
  2028 | D:3      | Reached * piety under Uskayaw
  2158 | D:3      | Reached ** piety under Uskayaw
  2456 | D:4      | Noticed a phantom
  2569 | D:4      | Noticed Menkaure
  2633 | D:4      | Found a blossoming altar of Fedhas.
  2689 | D:4      | Found an opulent altar of Gozag.
  2690 | D:4      | Noticed Grinder
  2692 | D:4      | Found Gozag's Platinum Reserve.
  2777 | D:4      | Mangled by Menkaure

Levels and vault maps discovered:
D:1:      dpeg_arrival_subterranean_lakeside_camping, layout_loops_ring
D:2:      layout_loops_ring, uniq_robin, uniq_natasha
D:3:      layout_basic, chequers_ecumenical_altar_simple_redux, first_ration
D:4:      layout_gridville, fedhas_ov_isle_minmay,
          nicolae_gozag_zags_fifth_avenue, uniq_menkaure, uniq_grinder

Skill      XL: |  1  2  3  4  5 |
---------------+----------------+-----
Fighting       | 2 |  2.7
Stealth        | 5 6 |  6.4
Short Blades   | 2 3 |  3.7
Dodging        | 1 |  1.7
Armour         | 1 |  1.8
Throwing       | |  1.7

Action                   |  1- 3 |  4- 6 || total
-------------------------+-------+-------++-------
Melee: Dagger            |    99 |   142 ||   241
       Bite              |    28 |    55 ||    83
       Short sword       |       |    50 ||    50
Throw: Dart              |       |     1 ||     1
  Use: Scroll            |     4 |     3 ||     7
       Potion            |     4 |     2 ||     6
 Stab: Sleeping          |     8 |     3 ||    11
  Eat: Chunk             |       |     6 ||     6
Armor: Robe              |    10 |       ||    10
       Ring mail         |     6 |       ||     6
       Scale mail        |    26 |    73 ||    99
Dodge: Dodged            |    56 |    85 ||   141

Table legend:
 A = Non-vault XP
 B = Vault XP
 C = Vault XP percentage of total XP
 D = Non-vault monster count
 E = Vault monster count
 F = Vault count percentage of total count
                 A         B        C        D         E       F
            +---------+---------+-------+---------+---------+-------
      Total |     395 |      79 |  16.7 |      62 |      19 |  23.5
            +---------+---------+-------+---------+---------+-------
        D:1 |      28 |      10 |  26.3 |      18 |       6 |  25.0
        D:2 |     125 |      69 |  35.6 |      19 |      13 |  40.6
        D:3 |     185 |       0 |   0.0 |      19 |       0 |   0.0
        D:4 |      57 |       0 |   0.0 |       6 |       0 |   0.0
            +---------+---------+-------+---------+---------+-------
